 Dungeon Crawl Stone Soup version 0.24-a0-139-geb6712d (webtiles) character file.

Game seed: 17695701194277374974

41 silenth the Sneak (level 3, 0/16 HPs)
             Began as a Spriggan Enchanter on Mar 3, 2019.
             Slain by an adder (5 damage)
             ... on level 2 of the Dungeon.
             The game lasted 00:02:25 (1543 turns).

silenth the Sneak (Spriggan Enchanter)              Turns: 1543, Time: 00:02:26

Health: 0/16       AC:  2    Str: 10    XL:     3   Next: 32%
Magic:  4/8        EV: 18    Int: 17    God:
Gold:   25         SH:  0    Dex: 16    Spells: 2/8 levels left

rFire    . . .     SeeInvis +   a - +1 dagger
rCold    . . .     Gourm    .   (shield restricted)
rNeg     . . .     Faith    .   b - +0 robe
rPois    .         Spirit   .   (helmet restricted)
rElec    .         Reflect  .   (no cloak)
rCorr    .         Harm     .   (gloves unavailable)
MR       .....                  (boots unavailable)
Stlth    +++.......             (no amulet)
HPRegen  0.05/turn              f - +6 ring of strength
MPRegen  0.11/turn              (no ring)

@: lethally poisoned (0 -> -12), very slightly contaminated, very quick
A: very small, unfitting armour, see invisible, herbivore, speed 3, slow
metabolism 2
a: no special abilities


You were on level 2 of the Dungeon.
You were not hungry.

You visited 1 branch of the dungeon, and saw 2 of its levels.

You collected 25 gold pieces.

Inventory:

Hand Weapons
 a - a +1 dagger (weapon)
Armour
 b - a +0 robe (worn)
Jewellery
 c - an uncursed ring of fire
 f - a +6 ring of strength (left hand)
Scrolls
 d - a scroll of noise {unknown}
 g - a scroll of enchant armour {unknown}
 h - a scroll of identify {unknown}
Comestibles
 e - 4 rations


   Skills:
 - Level 1.1 Short Blades
 - Level 3.0 Dodging
 + Level 5.0 Stealth
 + Level 3.2 Spellcasting
 * Level 4.5 Hexes
 + Level 0.4 Ice Magic


You had 2 spell levels left.
You knew the following spells:

 Your Spells              Type           Power        Failure   Level  Hunger
a - Corona                Hex            ###....      2%          1    None
b - Ensorcelled Hibernat  Hex/Ice        ##....       10%         2    ##.....
c - Confuse               Hex            ###.....     8%          3    ###....

Your spell library contained the following spells:

 Spells                   Type           Power        Failure   Level  Hunger
 Tukima's Dance           Hex            ###.....     8%          3    ###....
 Dazzling Spray           Conj/Hex       ##....       21%         3    ###....


Dungeon Overview and Level Annotations

Branches:
Dungeon (2/15)

Altars:


Innate Abilities, Weirdness & Mutations

You are very small and have problems with some larger weapons.
You are too small for most types of armour.
You have supernaturally acute eyesight. (SInv)
You are a herbivore.
You cover ground extremely quickly.
You need to consume almost no food.


Message History

Press: ? - help, Shift-Dir - straight line, f - adder
Aim: an adder (hasn't noticed you, chance to defeat MR: 50%)
The adder hisses angrily.
The adder resists with some effort.
You barely miss the adder. The adder closely misses you.
You barely miss the adder. The adder bites you.
You are poisoned.
The adder poisons you!
You closely miss the adder.
You feel sick. The adder bites you. x2
You are more poisoned.
The adder poisons you!
Casting: Ensorcelled Hibernation (safe; 10% risk of failure)
Confirm with . or Enter, or press ? or * to list all spells.
Aiming: Ensorcelled Hibernation (safe; 10% risk of failure)
Press: ? - help, Shift-Dir - straight line, f/p - adder
Aim: an adder (chance to defeat MR: 50%)
You miscast Ensorcelled Hibernation.
You are very lightly contaminated with residual magic.
Your hands feel numb with cold.
You feel sick. The adder bites you.
You die...

........... #######.....
.#.........## #####...........
...s...!....####......####.....
................#....# #......
#..#####...##......###......
#...........##.............
#.##....†>....##.............
#....####...S.##....#.#......
.......## ###.@.##....#.#.##...
....... ##..........#..#.##
....... #.##......###...##
....... #######.####.÷.##
###.## ........#....##.###...##
##.... ....[......>.##..##.#.##
##.....
#######.......<..##....#
#......
###............#.###.#....
#....#...........#.#....


You could see an adder.

Vanquished Creatures
  An adder (D:2)
  A worm (D:2)
  A leopard gecko (D:2)
  4 giant cockroaches (D:1)
  3 goblins (D:1)
  2 hobgoblins (D:1)
  3 jackals
  3 bats (D:1)
  2 frilled lizards
  4 kobolds
  4 rats (D:1)
28 creatures vanquished.

Notes
Turn   | Place    | Note
-------+----------+-------------------------------------------
     0 | D:1      | silenth the Spriggan Enchanter began the quest for the Orb.
     0 | D:1      | Reached XP level 1. HP: 9/9 MP: 5/5
   305 | D:1      | Reached skill level 4 in Hexes
   312 | D:1      | Reached XP level 2. HP: 13/13 MP: 6/6
   443 | D:1      | Learned a level 2 spell: Ensorcelled Hibernation
   481 | D:1      | Reached skill level 3 in Spellcasting
  1125 | D:2      | Reached skill level 5 in Stealth
  1125 | D:2      | Reached XP level 3. HP: 5/16 MP: 1/8
  1150 | D:2      | Learned a level 3 spell: Confuse
  1543 | D:2      | Slain by an adder

Levels and vault maps discovered:
D:1:      psy_arrival_whirlpool, layout_basic, minmay_cupped
D:2:      layout_rooms, grunt_temple_overflow_cloverleaf, first_ration

Skill      XL: |  1  2 |
---------------+-------+-----
Hexes          | 4 |  4.5
Spellcasting   | 3 |  3.2
Stealth        | 5 |  5.0
Short Blades   | |  1.1
Dodging        | |  3.0
Ice Magic      | |  0.4

Action                   || total
-------------------------++-------
Melee: Dagger            ||   136
 Cast: Corona            ||     6
       Ensorcelled Hiber ||     8
 Stab: Sleeping          ||     8
Armor: Robe              ||    13
Dodge: Dodged            ||   125

Table legend:
 A = Non-vault XP
 B = Vault XP
 C = Vault XP percentage of total XP
 D = Non-vault monster count
 E = Vault monster count
 F = Vault count percentage of total count
                 A         B        C        D         E       F
            +---------+---------+-------+---------+---------+-------
      Total |      53 |       6 |  10.2 |      24 |       4 |  14.3
            +---------+---------+-------+---------+---------+-------
        D:1 |      29 |       6 |  17.1 |      18 |       4 |  18.2
        D:2 |      24 |       0 |   0.0 |       6 |       0 |   0.0
            +---------+---------+-------+---------+---------+-------
